Senators vs Capitals

Created - March 10, 2015 at 17:41

Goals
1 2 3 OT1 T
Senators 1 0 2 0 3
Capitals 2 1 0 1 4
Shots
1 2 3 OT1 T
Senators 22 13 16 2 53
Capitals 5 9 6 6 26

1st period

1. Capitals , Mathieu Perreault 8 (Ryan McDonagh, Cody Eakin) at 3:19
2. Senators , Pavel Datsyuk 30 (Erik Gustafsson, Marc Staal) at 9:55 (PP)
3. Capitals , Taylor Hall 37 (Matt Stajan, Mike Green) at 12:00 (SH)

Penalties :
Mike Green (WSH) for Boarding (Minor) at 0:28, Matt Stajan (WSH) for Hooking (Minor) at 6:12, Matt Stajan (WSH) for Roughing (Minor) at 9:32, Calvin de Haan (WSH) for Diving (Minor) at 11:00, Ryan McDonagh (WSH) for Charging (Double Minor) at 14:07, Jay Harrison (WSH) for Holding (Minor) at 19:17

2nd period

4. Capitals , Mathieu Perreault 9 (Cody Eakin) at 3:33

Penalties :
Bryce Salvador (WSH) for Delaying the game (Minor) at 1:22, Mika Zibanejad (OTT) for Tripping (Minor) at 1:22

3rd period

5. Senators , Sidney Crosby 43 (Duncan Keith, Gustav Nyquist) at 1:16 (PP)
6. Senators , Gustav Nyquist 31 (Jan Hejda, Sidney Crosby) at 2:07

Penalties :
Calvin de Haan (WSH) for Slashing (Minor) at 0:44, Alexander Ovechkin (WSH) for High sticking (Minor) at 5:24

Overtime #1

7. Capitals , Ryan McDonagh 22 (Taylor Hall, Nate Guenin) at 4:35

Penalties :
No Penalty

Goalie Stats

Robin Lehner (OTT), 22 saves from 26 shots - (0.846), OTL, 5-4-2, 64:36 minutes
Jimmy Howard (WSH), 50 saves from 53 shots - (0.943), W, 20-15-5, 64:36 minutes

Players Stats for Senators

Player Name              G  A  P  +/- PIM S  H  SB GA TA FO     MP     PP MP  PK MP  
------------------------------------------------------------------------------------
Dave Bolland             0  0  0  -1  0   1  0  0  0  0  8/11    9:18   0:00   0:00 
Duncan Keith             0  1  1  -2  0   6  1  3  0  0  0/0    27:29   7:02   0:00 
Erik Gustafsson          0  1  1  -1  0   1  0  0  0  0  0/0     9:51   7:47   0:00 
Frans Nielsen            0  0  0  -2  0   1  0  1  0  0  20/36  26:07   7:55   0:00 
Gustav Nyquist           1  1  2   0  0   2  0  0  0  0  0/0    23:34   6:54   0:00 
Jan Hejda                0  1  1   0  0   4  1  0  0  0  0/0    15:32   0:00   0:00 
Jared Cowen              0  0  0   0  0   1  3  0  0  0  0/0    20:13   7:02   0:00 
Lubomir Visnovsky        0  0  0  -1  0   1  0  1  0  0  0/0    20:40   0:00   0:00 
Marc Staal               0  1  1  -1  0   5  2  1  0  0  0/0    26:43   7:47   0:00 
Mark Stone               0  0  0   0  0   0  0  0  0  0  0/0     2:50   0:00   0:00 
Martin St. Louis         0  0  0   0  0   6  1  0  0  0  2/3    26:21   6:54   0:00 
Mason Raymond            0  0  0  -1  0   0  0  0  0  0  0/0     9:18   0:00   0:00 
Mika Zibanejad           0  0  0  -1  2   0  0  0  0  0  2/4    12:07   0:00   0:00 
Patrick Sharp            0  0  0  -2  0   4  4  1  0  0  0/1    26:07   7:55   0:00 
Pavel Datsyuk            1  0  1  -1  0   6  1  0  0  0  2/2    22:19   7:55   0:00 
Ron Hainsey              0  0  0  -1  0   2  0  3  0  0  0/0     8:44   0:00   0:00 
Sidney Crosby            1  1  2   0  0   13 3  0  0  0  22/38  26:21   6:54   0:00 
Travis Moen              0  0  0   0  0   0  1  0  0  0  1/1     2:50   0:00   0:00 

Players Stats for Capitals

Player Name              G  A  P  +/- PIM S  H  SB GA TA FO     MP     PP MP  PK MP  
------------------------------------------------------------------------------------
Alexander Ovechkin       0  0  0   1  2   3  3  0  0  0  4/8    20:09   0:00   0:00 
Alexander Semin          0  0  0   0  0   0  0  0  0  0  0/0    20:35   0:00   5:25 
Bryce Salvador           0  0  0   2  2   1  0  2  0  0  0/0    19:27   0:00   6:53 
Calvin de Haan           0  0  0  -1  4   0  2  1  0  0  0/0    15:22   0:00   0:25 
Cody Eakin               0  2  2   1  0   3  1  0  0  0  1/1    15:27   0:00   0:09 
Corey Potter             0  0  0   0  0   0  0  1  0  0  0/0     8:05   0:00   2:42 
David Desharnais         0  0  0   0  0   1  0  0  0  0  10/21  19:14   0:00   1:35 
Dmitri Orlov             0  0  0   0  0   0  0  0  0  0  0/0     0:00   0:00   0:00 
Jay Harrison             0  0  0   1  2   0  3  2  0  0  0/0    12:56   0:00   0:00 
Jiri Tlusty              0  0  0   0  0   0  2  0  0  0  4/13   18:37   0:00   5:56 
Mathieu Perreault        2  0  2   1  0   5  1  0  0  0  5/17   15:18   0:00   0:00 
Matt Stajan              0  1  1   1  4   4  4  1  0  0  14/32  21:35   0:00   7:18 
Mike Green               0  1  1   2  2   1  0  0  0  0  0/0    21:30   0:00   5:38 
Morgan Rielly            0  0  0   0  0   0  0  0  0  0  0/0     0:00   0:00   0:00 
Nate Guenin              0  1  1   0  0   0  2  3  0  0  0/0    26:19   0:00   7:56 
Ryan McDonagh            1  1  2   2  4   3  1  5  0  0  0/0    25:27   0:00   6:04 
Taylor Hall              1  1  2   2  0   4  0  1  0  0  0/2    26:56   0:00   9:15 
Tomas Fleischmann        0  0  0   1  0   1  0  1  0  0  1/2    14:30   0:00   0:00 

3 Stars

1 - Mathieu Perreault (WSH)
2 - Taylor Hall (WSH)
3 - Sidney Crosby (OTT)

Power Play

Senators - 2 on 9 Attempt(s) - 22.22%
Capitals - 0 on 0 Attempt(s) - 0.00%

Penalty Kill

Senators - 0 on 0 Attempt(s) - 0.00% - Score 0 goal in Penalty Kill
Capitals - 7 on 9 Attempt(s) - 77.78% - Score 1 goal in Penalty Kill

Team Stat

Senators - Hits : 17 - Faceoff Wins : 57 - Blocked Shots : 10 - Penalty Minutes : 2
Capitals - Hits : 19 - Faceoff Wins : 39 - Blocked Shots : 17 - Penalty Minutes : 20

Official

Referees : Jon Mclsaac and Trevor Hanson
Linesman : Thor Nelson and Shane Heyer

Game Notes

No Game Note

Finance

Level 1 -- Attendance: 2384 (36.68%) -- Ticket Income $596,000
Level 2 -- Attendance: 1488 (29.76%) -- Ticket Income $297,600
Level 3 -- Attendance: 881 (25.17%) -- Ticket Income $154,175
Level 4 -- Attendance: 630 (23.58%) -- Ticket Income $94,500
Luxury Box -- Attendance: 418 (41.80%) -- Ticket Income $167,200
Game was played at the Verizon Center'
Total Attendance: 5801 (31.07%)
Total Ticket Income: $1,309,475
Other Income: $196,421
Total Income: $1,505,896

% Time on Ice - Senators

Lines # - Real PCT - Wanted PCT - Time Play
Normal Forward
1 - 39% - 40% - 16:40
2 - 33% - 30% - 14:24
3 - 22% - 20% - 9:18
4 - 7% - 10% - 2:50
Normal Defense
1 - 40% - 38% - 17:16
2 - 36% - 32% - 15:32
3 - 19% - 20% - 8:20
4 - 5% - 10% - 2:04
PP Forward
1 - 47% - 50% - 6:54
2 - 53% - 50% - 7:55
PP Defense
1 - 47% - 50% - 7:02
2 - 53% - 50% - 7:47
PK Forward
1 - 0% - 50%
2 - 0% - 50%
PK Defense
1 - 0% - 50%
2 - 0% - 50%
PK3 Forward
1 - 0% - 50%
2 - 0% - 50%
PK3 Defense
1 - 0% - 50%
2 - 0% - 50%
44 Forward
1 - 58% - 52% - 3:48
2 - 42% - 48% - 2:47
44 Defense
1 - 52% - 52% - 3:24
2 - 48% - 48% - 3:11
Last Minute Offensive  - 0:00
Last Minute Defensive  - 0:00
Total
Forward - 64:36
Defense - 64:36

% Time on Ice - Capitals

Lines # - Real PCT - Wanted PCT - Time Play
Normal Forward
1 - 35% - 36% - 15:10
2 - 29% - 33% - 12:41
3 - 34% - 16% - 14:30
4 - 2% - 15% - 0:51
Normal Defense
1 - 30% - 35% - 13:04
2 - 35% - 30% - 14:59
3 - 29% - 25% - 12:35
4 - 6% - 10% - 2:34
PP Forward
1 - 0% - 60%
2 - 0% - 40%
PP Defense
1 - 0% - 60%
2 - 0% - 40%
PK Forward
1 - 63% - 60% - 9:24
2 - 37% - 40% - 5:25
PK Defense
1 - 54% - 60% - 7:56
2 - 46% - 40% - 6:53
PK3 Forward
1 - 0% - 60%
2 - 0% - 40%
PK3 Defense
1 - 0% - 60%
2 - 0% - 40%
44 Forward
1 - 75% - 60% - 4:57
2 - 25% - 40% - 1:38
44 Defense
1 - 57% - 60% - 3:46
2 - 43% - 40% - 2:49
Last Minute Offensive  - 0:00
Last Minute Defensive  - 0:00
Total
Forward - 64:36
Defense - 64:36

Play by Play

1st period


0:01 of 1st period - Sidney Crosby wins face-off versus David Desharnais in neutral zone.
0:06 of 1st period - Icing by Mike Green.
0:07 of 1st period - Frans Nielsen wins face-off versus David Desharnais in Capitals zone.
0:28 of 1st period - Shot by Patrick Sharp.
0:28 of 1st period - Stopped by Jimmy Howard without a rebound.
0:28 of 1st period - Minor Penalty to Mike Green for Boarding.
0:29 of 1st period - Matt Stajan wins face-off versus Sidney Crosby in Capitals zone.
0:46 of 1st period - Shot by Sidney Crosby.
0:46 of 1st period - Stopped by Jimmy Howard without a rebound.
0:47 of 1st period - Frans Nielsen wins face-off versus Jiri Tlusty in Capitals zone.
1:03 of 1st period - Shot by Frans Nielsen.
1:03 of 1st period - Stopped by Jimmy Howard with a rebound.
1:07 of 1st period - Shot by Patrick Sharp.
1:07 of 1st period - Shot Misses the Net.
1:09 of 1st period - Shot by Erik Gustafsson.
1:09 of 1st period - Stopped by Jimmy Howard with a rebound.
1:11 of 1st period - Shot by Patrick Sharp.
1:11 of 1st period - Stopped by Jimmy Howard without a rebound.
1:12 of 1st period - Sidney Crosby wins face-off versus Matt Stajan in Capitals zone.
1:20 of 1st period - Shot by Gustav Nyquist.
1:20 of 1st period - Shot Misses the Net.
2:21 of 1st period - Icing by Pavel Datsyuk.
2:22 of 1st period - Jiri Tlusty wins face-off versus Frans Nielsen in Senators zone.
2:30 of 1st period - Icing by Erik Gustafsson.
2:31 of 1st period - Dave Bolland wins face-off versus David Desharnais in Senators zone.
2:43 of 1st period - Shot by Mason Raymond.
2:43 of 1st period - Shot Blocked by Nate Guenin.
2:51 of 1st period - Shot by Mika Zibanejad.
2:51 of 1st period - Shot Hit the Post.
2:53 of 1st period - Shot by Marc Staal.
2:53 of 1st period - Shot Misses the Net.
2:55 of 1st period - Shot by Mika Zibanejad.
2:55 of 1st period - Shot Hit the Post.
2:57 of 1st period - Shot by Jan Hejda.
2:57 of 1st period - Stopped by Jimmy Howard without a rebound.
2:58 of 1st period - Sidney Crosby wins face-off versus Mathieu Perreault in Capitals zone.
3:07 of 1st period - Shot by Martin St. Louis.
3:07 of 1st period - Shot Misses the Net.
3:19 of 1st period - Shot by Ryan McDonagh.
3:19 of 1st period - Deflect By Mathieu Perreault.
3:19 of 1st period - Goal by Mathieu Perreault - Senators : 0 - Capitals : 1.
3:20 of 1st period - Frans Nielsen wins face-off versus Matt Stajan in neutral zone.
3:43 of 1st period - Patrick Sharp is hit by Jiri Tlusty and loses puck.
3:48 of 1st period - Jared Cowen is hit by Matt Stajan and loses puck.
4:03 of 1st period - Shot by Pavel Datsyuk.
4:03 of 1st period - Stopped by Jimmy Howard with a rebound.
4:30 of 1st period - Nate Guenin is hit by Pavel Datsyuk and loses puck.
4:59 of 1st period - Off-side.
5:00 of 1st period - Mathieu Perreault wins face-off versus Dave Bolland in neutral zone.
6:01 of 1st period - Shot by Sidney Crosby.
6:01 of 1st period - Stopped by Jimmy Howard with a rebound.
6:03 of 1st period - Shot by Lubomir Visnovsky.
6:03 of 1st period - Stopped by Jimmy Howard without a rebound.
6:04 of 1st period - Matt Stajan wins face-off versus Sidney Crosby in Capitals zone.
6:12 of 1st period - Minor Penalty to Matt Stajan for Hooking.
6:13 of 1st period - Pavel Datsyuk wins face-off versus Jiri Tlusty in Capitals zone.
7:14 of 1st period - Shot by Gustav Nyquist.
7:14 of 1st period - Stopped by Jimmy Howard without a rebound.
7:15 of 1st period - Sidney Crosby wins face-off versus Jiri Tlusty in Capitals zone.
7:24 of 1st period - Shot by Gustav Nyquist.
7:24 of 1st period - Deflect By Sidney Crosby.
7:24 of 1st period - Stopped by Jimmy Howard without a rebound.
7:25 of 1st period - Jiri Tlusty wins face-off versus Sidney Crosby in Capitals zone.
7:49 of 1st period - Shot by Marc Staal.
7:49 of 1st period - Stopped by Jimmy Howard with a rebound.
7:51 of 1st period - Shot by Marc Staal.
7:51 of 1st period - Stopped by Jimmy Howard without a rebound.
7:52 of 1st period - Frans Nielsen wins face-off versus David Desharnais in Capitals zone.
8:09 of 1st period - Shot by Frans Nielsen.
8:09 of 1st period - Shot Misses the Net.
8:11 of 1st period - Shot by Jared Cowen.
8:11 of 1st period - Stopped by Jimmy Howard without a rebound.
8:12 of 1st period - Mathieu Perreault wins face-off versus Sidney Crosby in Capitals zone.
8:43 of 1st period - Martin St. Louis is hit by Jay Harrison and loses puck.
9:17 of 1st period - Off-side.
9:18 of 1st period - Mika Zibanejad wins face-off versus Matt Stajan in neutral zone.
9:20 of 1st period - Erik Gustafsson is hit by Nate Guenin and loses puck.
9:32 of 1st period - Minor Penalty to Matt Stajan for Roughing.
9:33 of 1st period - Frans Nielsen wins face-off versus Taylor Hall in Capitals zone.
9:42 of 1st period - Shot by Duncan Keith.
9:42 of 1st period - Stopped by Jimmy Howard without a rebound.
9:43 of 1st period - Frans Nielsen wins face-off versus Jiri Tlusty in Capitals zone.
9:55 of 1st period - Shot by Erik Gustafsson.
9:55 of 1st period - Deflect By Pavel Datsyuk.
9:55 of 1st period - Goal by Pavel Datsyuk - Senators : 1 - Capitals : 1.
9:56 of 1st period - David Desharnais wins face-off versus Sidney Crosby in neutral zone.
10:05 of 1st period - Shot by David Desharnais.
10:05 of 1st period - Shot Misses the Net.
11:00 of 1st period - Minor Penalty to Calvin de Haan for Diving.
11:01 of 1st period - Pavel Datsyuk wins face-off versus Matt Stajan in Capitals zone.
11:28 of 1st period - Shot by Frans Nielsen.
11:28 of 1st period - Shot Blocked by Bryce Salvador.
12:00 of 1st period - Shot by Taylor Hall.
12:00 of 1st period - Goal by Taylor Hall - Senators : 1 - Capitals : 2.
12:01 of 1st period - Sidney Crosby wins face-off versus Jiri Tlusty in neutral zone.
12:06 of 1st period - Ryan McDonagh is hit by Sidney Crosby and loses puck.
12:53 of 1st period - Shot by Pavel Datsyuk.
12:53 of 1st period - Stopped by Jimmy Howard without a rebound.
12:54 of 1st period - Jiri Tlusty wins face-off versus Frans Nielsen in Capitals zone.
13:03 of 1st period - Shot by Cody Eakin.
13:03 of 1st period - Stopped by Robin Lehner without a rebound.
13:04 of 1st period - Dave Bolland wins face-off versus Mathieu Perreault in Senators zone.
13:09 of 1st period - Mika Zibanejad is hit by Mathieu Perreault and loses puck.
13:15 of 1st period - Ron Hainsey is hit by Calvin de Haan and loses puck.
13:22 of 1st period - Shot by Mason Raymond.
13:22 of 1st period - Shot Misses the Net.
13:24 of 1st period - Shot by Ron Hainsey.
13:24 of 1st period - Stopped by Jimmy Howard without a rebound.
13:25 of 1st period - Matt Stajan wins face-off versus Frans Nielsen in Capitals zone.
13:40 of 1st period - Shot by Matt Stajan.
13:40 of 1st period - Deflect By Taylor Hall.
13:40 of 1st period - Stopped by Robin Lehner with a rebound.
13:42 of 1st period - Shot by Bryce Salvador.
13:42 of 1st period - Deflect By Matt Stajan.
13:42 of 1st period - Stopped by Robin Lehner without a rebound.
13:43 of 1st period - David Desharnais wins face-off versus Sidney Crosby in Senators zone.
14:06 of 1st period - Martin St. Louis is hit by Ryan McDonagh and loses puck.
14:07 of 1st period - Double Minor Penalty to Ryan McDonagh for Charging.
14:08 of 1st period - Frans Nielsen wins face-off versus Matt Stajan in Capitals zone.
14:27 of 1st period - Shot by Erik Gustafsson.
14:27 of 1st period - Shot Misses the Net.
14:29 of 1st period - Shot by Patrick Sharp.
14:29 of 1st period - Shot Misses the Net.
14:31 of 1st period - Shot by Pavel Datsyuk.
14:31 of 1st period - Stopped by Jimmy Howard without a rebound.
14:32 of 1st period - Sidney Crosby wins face-off versus Matt Stajan in Capitals zone.
14:37 of 1st period - Shot by Sidney Crosby.
14:37 of 1st period - Shot Blocked by Corey Potter.
16:20 of 1st period - Shot by Martin St. Louis.
16:20 of 1st period - Stopped by Jimmy Howard without a rebound.
16:21 of 1st period - Sidney Crosby wins face-off versus Jiri Tlusty in Capitals zone.
16:22 of 1st period - Shot by Duncan Keith.
16:22 of 1st period - Shot Misses the Net.
16:24 of 1st period - Shot by Sidney Crosby.
16:24 of 1st period - Deflect By Martin St. Louis.
16:24 of 1st period - Shot Misses the Net.
16:26 of 1st period - Shot by Duncan Keith.
16:26 of 1st period - Stopped by Jimmy Howard without a rebound.
16:27 of 1st period - Sidney Crosby wins face-off versus Jiri Tlusty in Capitals zone.
16:42 of 1st period - Shot by Sidney Crosby.
16:42 of 1st period - Shot Blocked by Nate Guenin.
17:15 of 1st period - Icing by Marc Staal.
17:16 of 1st period - Frans Nielsen wins face-off versus Matt Stajan in Senators zone.
17:16 of 1st period - Patrick Sharp is hit by Matt Stajan and loses puck.
17:35 of 1st period - Shot by Erik Gustafsson.
17:35 of 1st period - Shot Misses the Net.
18:08 of 1st period - Icing by Corey Potter.
18:09 of 1st period - Mathieu Perreault wins face-off versus Dave Bolland in Capitals zone.
18:32 of 1st period - Shot by Tomas Fleischmann.
18:32 of 1st period - Shot Misses the Net.
19:17 of 1st period - Minor Penalty to Jay Harrison for Holding.
19:18 of 1st period - Matt Stajan wins face-off versus Frans Nielsen in Capitals zone.
19:32 of 1st period - Shot by Marc Staal.
19:32 of 1st period - Stopped by Jimmy Howard with a rebound.
Goals for this period are 1 for Senators vs 2 for Capitals.
Shots for this period are 22 for Senators vs 5 for Capitals.

2nd period


0:01 of 2nd period - Sidney Crosby wins face-off versus Matt Stajan in neutral zone.
0:06 of 2nd period - Shot by Duncan Keith.
0:06 of 2nd period - Stopped by Jimmy Howard without a rebound.
0:07 of 2nd period - Matt Stajan wins face-off versus Sidney Crosby in Capitals zone.
0:22 of 2nd period - Shot by Martin St. Louis.
0:22 of 2nd period - Stopped by Jimmy Howard without a rebound.
0:23 of 2nd period - Frans Nielsen wins face-off versus Matt Stajan in Capitals zone.
0:53 of 2nd period - Shot by Marc Staal.
0:53 of 2nd period - Shot Blocked by Matt Stajan.
0:55 of 2nd period - Shot by Pavel Datsyuk.
0:55 of 2nd period - Stopped by Jimmy Howard without a rebound.
0:56 of 2nd period - Jiri Tlusty wins face-off versus Sidney Crosby in Capitals zone.
1:11 of 2nd period - Shot by Gustav Nyquist.
1:11 of 2nd period - Shot Misses the Net.
1:13 of 2nd period - Shot by Sidney Crosby.
1:13 of 2nd period - Shot Blocked by Ryan McDonagh.
1:15 of 2nd period - Shot by Sidney Crosby.
1:15 of 2nd period - Stopped by Jimmy Howard without a rebound.
1:16 of 2nd period - Frans Nielsen wins face-off versus Jiri Tlusty in Capitals zone.
1:22 of 2nd period - Minor Penalty to Bryce Salvador for Delaying the game.
1:22 of 2nd period - Minor Penalty to Mika Zibanejad for Tripping.
1:23 of 2nd period - Frans Nielsen wins face-off versus Alexander Ovechkin in Capitals zone.
1:24 of 2nd period - Shot by Patrick Sharp.
1:24 of 2nd period - Deflect By Frans Nielsen.
1:24 of 2nd period - Shot Misses the Net.
1:46 of 2nd period - Shot by Taylor Hall.
1:46 of 2nd period - Shot Misses the Net.
2:01 of 2nd period - Taylor Hall is hit by Marc Staal and loses puck.
2:10 of 2nd period - Shot by Alexander Ovechkin.
2:10 of 2nd period - Shot Blocked by Patrick Sharp.
2:43 of 2nd period - Shot by Matt Stajan.
2:43 of 2nd period - Stopped by Robin Lehner without a rebound.
2:44 of 2nd period - Sidney Crosby wins face-off versus Alexander Ovechkin in Senators zone.
3:08 of 2nd period - Shot by Alexander Ovechkin.
3:08 of 2nd period - Stopped by Robin Lehner without a rebound.
3:09 of 2nd period - Sidney Crosby wins face-off versus Alexander Ovechkin in Senators zone.
3:09 of 2nd period - Duncan Keith is hit by Alexander Ovechkin and loses puck.
3:14 of 2nd period - Shot by Alexander Ovechkin.
3:14 of 2nd period - Stopped by Robin Lehner without a rebound.
3:15 of 2nd period - Sidney Crosby wins face-off versus Alexander Ovechkin in Senators zone.
3:15 of 2nd period - Sidney Crosby is hit by Alexander Ovechkin.
3:33 of 2nd period - Shot by Mathieu Perreault.
3:33 of 2nd period - Goal by Mathieu Perreault - Senators : 1 - Capitals : 3.
3:34 of 2nd period - Sidney Crosby wins face-off versus Mathieu Perreault in neutral zone.
4:25 of 2nd period - Icing by Lubomir Visnovsky.
4:26 of 2nd period - Matt Stajan wins face-off versus Sidney Crosby in Senators zone.
4:31 of 2nd period - Shot by Matt Stajan.
4:31 of 2nd period - Stopped by Robin Lehner without a rebound.
4:32 of 2nd period - Frans Nielsen wins face-off versus Matt Stajan in Senators zone.
4:34 of 2nd period - Icing by Marc Staal.
4:35 of 2nd period - Matt Stajan wins face-off versus Frans Nielsen in Senators zone.
5:16 of 2nd period - Taylor Hall is hit by Patrick Sharp.
5:19 of 2nd period - Jiri Tlusty is hit by Marc Staal and loses puck.
5:42 of 2nd period - Ron Hainsey is hit by Alexander Ovechkin.
5:54 of 2nd period - Shot by Martin St. Louis.
5:54 of 2nd period - Shot Misses the Net.
5:56 of 2nd period - Shot by Ron Hainsey.
5:56 of 2nd period - Shot Misses the Net.
6:02 of 2nd period - Shot by Martin St. Louis.
6:02 of 2nd period - Stopped by Jimmy Howard without a rebound.
6:03 of 2nd period - Dave Bolland wins face-off versus Mathieu Perreault in Capitals zone.
6:03 of 2nd period - Dave Bolland is hit by Jay Harrison.
6:35 of 2nd period - Shot by Mason Raymond.
6:35 of 2nd period - Shot Blocked by Jay Harrison.
6:45 of 2nd period - Shot by Cody Eakin.
6:45 of 2nd period - Stopped by Robin Lehner without a rebound.
6:46 of 2nd period - Sidney Crosby wins face-off versus Matt Stajan in Senators zone.
7:01 of 2nd period - Shot by Sidney Crosby.
7:01 of 2nd period - Stopped by Jimmy Howard without a rebound.
7:02 of 2nd period - Frans Nielsen wins face-off versus David Desharnais in Capitals zone.
7:28 of 2nd period - Alexander Ovechkin is hit by Jan Hejda and loses puck.
7:35 of 2nd period - Shot by Patrick Sharp.
7:35 of 2nd period - Deflect By Pavel Datsyuk.
7:35 of 2nd period - Shot Blocked by Ryan McDonagh.
7:41 of 2nd period - Shot by Pavel Datsyuk.
7:41 of 2nd period - Shot Misses the Net.
7:43 of 2nd period - Shot by Jan Hejda.
7:43 of 2nd period - Stopped by Jimmy Howard without a rebound.
7:44 of 2nd period - Sidney Crosby wins face-off versus Matt Stajan in Capitals zone.
7:57 of 2nd period - Shot by Martin St. Louis.
7:57 of 2nd period - Stopped by Jimmy Howard with a rebound.
8:26 of 2nd period - Icing by Nate Guenin.
8:27 of 2nd period - Matt Stajan wins face-off versus Mika Zibanejad in Capitals zone.
8:27 of 2nd period - Matt Stajan is hit by Travis Moen.
8:32 of 2nd period - Calvin de Haan is hit by Jared Cowen and loses puck.
9:09 of 2nd period - Icing by Mark Stone.
9:10 of 2nd period - Travis Moen wins face-off versus David Desharnais in Senators zone.
9:18 of 2nd period - Icing by Jared Cowen.
9:19 of 2nd period - David Desharnais wins face-off versus Mika Zibanejad in Senators zone.
9:20 of 2nd period - Shot by Alexander Semin.
9:20 of 2nd period - Shot Blocked by Ron Hainsey.
10:23 of 2nd period - Shot by Martin St. Louis.
10:23 of 2nd period - Shot Misses the Net.
11:05 of 2nd period - Shot by Marc Staal.
11:05 of 2nd period - Stopped by Jimmy Howard with a rebound.
11:07 of 2nd period - Shot by Pavel Datsyuk.
11:07 of 2nd period - Shot Misses the Net.
12:27 of 2nd period - Shot by Taylor Hall.
12:27 of 2nd period - Stopped by Robin Lehner without a rebound.
12:28 of 2nd period - Matt Stajan wins face-off versus Sidney Crosby in Senators zone.
12:35 of 2nd period - Shot by Taylor Hall.
12:35 of 2nd period - Shot Blocked by Duncan Keith.
12:37 of 2nd period - Shot by Ryan McDonagh.
12:37 of 2nd period - Shot Blocked by Duncan Keith.
12:39 of 2nd period - Shot by Taylor Hall.
12:39 of 2nd period - Shot Misses the Net.
12:47 of 2nd period - Shot by Martin St. Louis.
12:47 of 2nd period - Stopped by Jimmy Howard without a rebound.
12:48 of 2nd period - David Desharnais wins face-off versus Frans Nielsen in Capitals zone.
12:55 of 2nd period - Icing by Alexander Ovechkin.
12:56 of 2nd period - Frans Nielsen wins face-off versus David Desharnais in Capitals zone.
13:03 of 2nd period - Shot by Pavel Datsyuk.
13:03 of 2nd period - Stopped by Jimmy Howard without a rebound.
13:04 of 2nd period - Martin St. Louis wins face-off versus Mathieu Perreault in Capitals zone.
13:20 of 2nd period - Shot by Tomas Fleischmann.
13:20 of 2nd period - Stopped by Robin Lehner with a rebound.
13:44 of 2nd period - Tomas Fleischmann is hit by Sidney Crosby.
13:47 of 2nd period - Off-side.
13:48 of 2nd period - Frans Nielsen wins face-off versus Matt Stajan in neutral zone.
13:57 of 2nd period - Shot by Duncan Keith.
13:57 of 2nd period - Deflect By Frans Nielsen.
13:57 of 2nd period - Shot Blocked by Ryan McDonagh.
13:59 of 2nd period - Shot by Lubomir Visnovsky.
13:59 of 2nd period - Shot Blocked by Taylor Hall.
14:01 of 2nd period - Shot by Frans Nielsen.
14:01 of 2nd period - Deflect By Patrick Sharp.
14:01 of 2nd period - Shot Misses the Net.
14:49 of 2nd period - Shot by Dave Bolland.
14:49 of 2nd period - Stopped by Jimmy Howard without a rebound.
14:50 of 2nd period - David Desharnais wins face-off versus Sidney Crosby in Capitals zone.
15:12 of 2nd period - Icing by Marc Staal.
15:13 of 2nd period - Martin St. Louis wins face-off versus Mathieu Perreault in Senators zone.
15:42 of 2nd period - Icing by Tomas Fleischmann.
15:43 of 2nd period - Frans Nielsen wins face-off versus Mathieu Perreault in Capitals zone.
16:53 of 2nd period - Icing by Jared Cowen.
16:54 of 2nd period - Dave Bolland wins face-off versus David Desharnais in Senators zone.
18:07 of 2nd period - Shot by Sidney Crosby.
18:07 of 2nd period - Stopped by Jimmy Howard without a rebound.
18:08 of 2nd period - Matt Stajan wins face-off versus Frans Nielsen in Capitals zone.
18:15 of 2nd period - Patrick Sharp is hit by Jiri Tlusty and loses puck.
18:32 of 2nd period - Shot by Matt Stajan.
18:32 of 2nd period - Stopped by Robin Lehner with a rebound.
19:02 of 2nd period - Icing by Duncan Keith.
19:03 of 2nd period - Frans Nielsen wins face-off versus Mathieu Perreault in Senators zone.
19:08 of 2nd period - Pavel Datsyuk is hit by Cody Eakin and loses puck.
19:36 of 2nd period - Icing by Sidney Crosby.
19:37 of 2nd period - David Desharnais wins face-off versus Sidney Crosby in Senators zone.
Goals for this period are 0 for Senators vs 1 for Capitals.
Shots for this period are 13 for Senators vs 9 for Capitals.

3rd period


0:01 of 3rd period - Sidney Crosby wins face-off versus Taylor Hall in neutral zone.
0:12 of 3rd period - Shot by Sidney Crosby.
0:12 of 3rd period - Stopped by Jimmy Howard without a rebound.
0:13 of 3rd period - Matt Stajan wins face-off versus Frans Nielsen in Capitals zone.
0:22 of 3rd period - Jan Hejda is hit by Nate Guenin and loses puck.
0:26 of 3rd period - Marc Staal is hit by Matt Stajan and loses puck.
0:40 of 3rd period - Pavel Datsyuk is hit by Calvin de Haan and loses puck.
0:44 of 3rd period - Minor Penalty to Calvin de Haan for Slashing.
0:45 of 3rd period - Sidney Crosby wins face-off versus Matt Stajan in Capitals zone.
1:16 of 3rd period - Shot by Sidney Crosby.
1:16 of 3rd period - Goal by Sidney Crosby - Senators : 2 - Capitals : 3.
1:17 of 3rd period - David Desharnais wins face-off versus Frans Nielsen in neutral zone.
1:20 of 3rd period - Shot by Alexander Ovechkin.
1:20 of 3rd period - Shot Misses the Net.
1:36 of 3rd period - Shot by Frans Nielsen.
1:36 of 3rd period - Shot Misses the Net.
1:38 of 3rd period - Shot by Jan Hejda.
1:38 of 3rd period - Stopped by Jimmy Howard without a rebound.
1:39 of 3rd period - Dave Bolland wins face-off versus Mathieu Perreault in Capitals zone.
1:49 of 3rd period - Icing by Calvin de Haan.
1:50 of 3rd period - Mathieu Perreault wins face-off versus Sidney Crosby in Capitals zone.
2:03 of 3rd period - Shot by Gustav Nyquist.
2:03 of 3rd period - Shot Misses the Net.
2:05 of 3rd period - Shot by Jan Hejda.
2:05 of 3rd period - Shot Blocked by Nate Guenin.
2:07 of 3rd period - Shot by Gustav Nyquist.
2:07 of 3rd period - Goal by Gustav Nyquist - Senators : 3 - Capitals : 3.
2:08 of 3rd period - David Desharnais wins face-off versus Frans Nielsen in neutral zone.
2:45 of 3rd period - Icing by Duncan Keith.
2:46 of 3rd period - Cody Eakin wins face-off versus Frans Nielsen in Senators zone.
2:53 of 3rd period - Shot by Tomas Fleischmann.
2:53 of 3rd period - Deflect By Mathieu Perreault.
2:53 of 3rd period - Stopped by Robin Lehner without a rebound.
2:54 of 3rd period - Sidney Crosby wins face-off versus Mathieu Perreault in Senators zone.
3:20 of 3rd period - Shot by Gustav Nyquist.
3:20 of 3rd period - Shot Blocked by Tomas Fleischmann.
4:00 of 3rd period - Shot by Patrick Sharp.
4:00 of 3rd period - Stopped by Jimmy Howard without a rebound.
4:01 of 3rd period - Dave Bolland wins face-off versus Matt Stajan in Capitals zone.
4:01 of 3rd period - Lubomir Visnovsky is hit by Jay Harrison.
5:19 of 3rd period - Off-side.
5:20 of 3rd period - David Desharnais wins face-off versus Martin St. Louis in neutral zone.
5:24 of 3rd period - Minor Penalty to Alexander Ovechkin for High sticking.
5:25 of 3rd period - Sidney Crosby wins face-off versus David Desharnais in Capitals zone.
5:26 of 3rd period - Shot by Martin St. Louis.
5:26 of 3rd period - Shot Misses the Net.
5:33 of 3rd period - Icing by Marc Staal.
5:34 of 3rd period - Sidney Crosby wins face-off versus Matt Stajan in Senators zone.
5:43 of 3rd period - Matt Stajan is hit by Martin St. Louis and loses puck.
6:12 of 3rd period - Shot by Sidney Crosby.
6:12 of 3rd period - Stopped by Jimmy Howard with a rebound.
6:14 of 3rd period - Shot by Marc Staal.
6:14 of 3rd period - Stopped by Jimmy Howard with a rebound.
6:43 of 3rd period - Shot by Pavel Datsyuk.
6:43 of 3rd period - Shot Misses the Net.
6:45 of 3rd period - Shot by Frans Nielsen.
6:45 of 3rd period - Shot Blocked by Ryan McDonagh.
6:59 of 3rd period - Shot by Duncan Keith.
6:59 of 3rd period - Stopped by Jimmy Howard with a rebound.
7:01 of 3rd period - Shot by Duncan Keith.
7:01 of 3rd period - Stopped by Jimmy Howard without a rebound.
7:02 of 3rd period - Sidney Crosby wins face-off versus Matt Stajan in Capitals zone.
7:13 of 3rd period - Shot by Martin St. Louis.
7:13 of 3rd period - Deflect By Sidney Crosby.
7:13 of 3rd period - Stopped by Jimmy Howard without a rebound.
7:14 of 3rd period - Frans Nielsen wins face-off versus Jiri Tlusty in Capitals zone.
7:19 of 3rd period - Shot by Duncan Keith.
7:19 of 3rd period - Stopped by Jimmy Howard without a rebound.
7:20 of 3rd period - Matt Stajan wins face-off versus Frans Nielsen in Capitals zone.
7:20 of 3rd period - Matt Stajan is hit by Patrick Sharp.
7:33 of 3rd period - David Desharnais is hit by Duncan Keith and loses puck.
7:38 of 3rd period - Shot by David Desharnais.
7:38 of 3rd period - Stopped by Robin Lehner without a rebound.
7:39 of 3rd period - Sidney Crosby wins face-off versus Tomas Fleischmann in Senators zone.
7:41 of 3rd period - Icing by Marc Staal.
7:42 of 3rd period - David Desharnais wins face-off versus Sidney Crosby in Senators zone.
8:22 of 3rd period - Shot by Gustav Nyquist.
8:22 of 3rd period - Shot Misses the Net.
8:46 of 3rd period - Shot by Pavel Datsyuk.
8:46 of 3rd period - Shot Misses the Net.
9:49 of 3rd period - Shot by Mark Stone.
9:49 of 3rd period - Shot Misses the Net.
9:51 of 3rd period - Shot by Jared Cowen.
9:51 of 3rd period - Shot Misses the Net.
9:53 of 3rd period - Shot by Ron Hainsey.
9:53 of 3rd period - Shot Blocked by Calvin de Haan.
10:48 of 3rd period - Shot by Sidney Crosby.
10:48 of 3rd period - Stopped by Jimmy Howard with a rebound.
10:50 of 3rd period - Shot by Jan Hejda.
10:50 of 3rd period - Shot Misses the Net.
10:52 of 3rd period - Shot by Gustav Nyquist.
10:52 of 3rd period - Deflect By Sidney Crosby.
10:52 of 3rd period - Stopped by Jimmy Howard without a rebound.
10:53 of 3rd period - Matt Stajan wins face-off versus Frans Nielsen in Capitals zone.
10:53 of 3rd period - Mike Green is hit by Patrick Sharp and loses puck.
11:16 of 3rd period - Shot by Patrick Sharp.
11:16 of 3rd period - Stopped by Jimmy Howard without a rebound.
11:17 of 3rd period - Dave Bolland wins face-off versus Mathieu Perreault in Capitals zone.
11:42 of 3rd period - Shot by Bryce Salvador.
11:42 of 3rd period - Stopped by Robin Lehner with a rebound.
11:53 of 3rd period - Jay Harrison is hit by Jared Cowen and loses puck.
12:50 of 3rd period - Icing by Ryan McDonagh.
12:51 of 3rd period - Matt Stajan wins face-off versus Frans Nielsen in Capitals zone.
12:51 of 3rd period - Matt Stajan is hit by Patrick Sharp.
13:07 of 3rd period - Shot by Frans Nielsen.
13:07 of 3rd period - Shot Misses the Net.
13:09 of 3rd period - Shot by Jan Hejda.
13:09 of 3rd period - Stopped by Jimmy Howard with a rebound.
14:00 of 3rd period - Icing by Mason Raymond.
14:01 of 3rd period - Mathieu Perreault wins face-off versus Dave Bolland in Senators zone.
14:12 of 3rd period - Shot by Mathieu Perreault.
14:12 of 3rd period - Stopped by Robin Lehner with a rebound.
14:14 of 3rd period - Shot by Mathieu Perreault.
14:14 of 3rd period - Shot Blocked by Ron Hainsey.
14:43 of 3rd period - Icing by Ron Hainsey.
14:44 of 3rd period - Mika Zibanejad wins face-off versus David Desharnais in Senators zone.
16:28 of 3rd period - Shot by Frans Nielsen.
16:28 of 3rd period - Shot Blocked by Bryce Salvador.
16:30 of 3rd period - Shot by Marc Staal.
16:30 of 3rd period - Shot Blocked by Jay Harrison.
17:16 of 3rd period - Shot by Alexander Ovechkin.
17:16 of 3rd period - Shot Misses the Net.
17:18 of 3rd period - Shot by Alexander Ovechkin.
17:18 of 3rd period - Stopped by Robin Lehner without a rebound.
17:19 of 3rd period - Dave Bolland wins face-off versus Matt Stajan in Senators zone.
17:19 of 3rd period - Dave Bolland is hit by Matt Stajan.
17:27 of 3rd period - Shot by Mason Raymond.
17:27 of 3rd period - Shot Blocked by Ryan McDonagh.
17:33 of 3rd period - Shot by Ron Hainsey.
17:33 of 3rd period - Stopped by Jimmy Howard with a rebound.
18:50 of 3rd period - Calvin de Haan is hit by Sidney Crosby and loses puck.
19:00 of 3rd period - Icing by Calvin de Haan.
19:01 of 3rd period - Frans Nielsen wins face-off versus David Desharnais in Capitals zone.
19:27 of 3rd period - Icing by Jan Hejda.
19:28 of 3rd period - Tomas Fleischmann wins face-off versus Frans Nielsen in Senators zone.
19:41 of 3rd period - Shot by Cody Eakin.
19:41 of 3rd period - Stopped by Robin Lehner with a rebound.
19:56 of 3rd period - Shot by Bryce Salvador.
19:56 of 3rd period - Shot Misses the Net.
19:58 of 3rd period - Shot by Bryce Salvador.
19:58 of 3rd period - Deflect By Mathieu Perreault.
19:58 of 3rd period - Shot Misses the Net.
Goals for this period are 2 for Senators vs 0 for Capitals.
Shots for this period are 16 for Senators vs 6 for Capitals.

Overtime #1


0:01 of 1st overtime period - Alexander Ovechkin wins face-off versus Frans Nielsen in neutral zone.
0:10 of 1st overtime period - Shot by Taylor Hall.
0:10 of 1st overtime period - Stopped by Robin Lehner with a rebound.
0:12 of 1st overtime period - Shot by Taylor Hall.
0:12 of 1st overtime period - Shot Misses the Net.
0:14 of 1st overtime period - Shot by Ryan McDonagh.
0:14 of 1st overtime period - Shot Misses the Net.
0:34 of 1st overtime period - Shot by Alexander Ovechkin.
0:34 of 1st overtime period - Shot Blocked by Frans Nielsen.
0:36 of 1st overtime period - Shot by Ryan McDonagh.
0:36 of 1st overtime period - Shot Blocked by Lubomir Visnovsky.
1:08 of 1st overtime period - Shot by Matt Stajan.
1:08 of 1st overtime period - Shot Blocked by Duncan Keith.
1:11 of 1st overtime period - Icing by Duncan Keith.
1:12 of 1st overtime period - Alexander Ovechkin wins face-off versus Sidney Crosby in Senators zone.
1:13 of 1st overtime period - Shot by Taylor Hall.
1:13 of 1st overtime period - Shot Hit the Post.
1:19 of 1st overtime period - Shot by Martin St. Louis.
1:19 of 1st overtime period - Stopped by Jimmy Howard with a rebound.
1:31 of 1st overtime period - Shot by Sidney Crosby.
1:31 of 1st overtime period - Stopped by Jimmy Howard without a rebound.
1:32 of 1st overtime period - Alexander Ovechkin wins face-off versus Sidney Crosby in Capitals zone.
1:52 of 1st overtime period - Shot by Taylor Hall.
1:52 of 1st overtime period - Shot Misses the Net.
2:52 of 1st overtime period - Shot by Patrick Sharp.
2:52 of 1st overtime period - Shot Misses the Net.
3:12 of 1st overtime period - Corey Potter is hit by Jared Cowen and loses puck.
3:43 of 1st overtime period - Shot by Mathieu Perreault.
3:43 of 1st overtime period - Stopped by Robin Lehner with a rebound.
3:45 of 1st overtime period - Shot by Ryan McDonagh.
3:45 of 1st overtime period - Stopped by Robin Lehner without a rebound.
3:46 of 1st overtime period - Frans Nielsen wins face-off versus Mathieu Perreault in Senators zone.
3:59 of 1st overtime period - Shot by Frans Nielsen.
3:59 of 1st overtime period - Shot Misses the Net.
4:07 of 1st overtime period - Shot by Corey Potter.
4:07 of 1st overtime period - Shot Hit the Post.
4:09 of 1st overtime period - Shot by Corey Potter.
4:09 of 1st overtime period - Shot Blocked by Marc Staal.
4:11 of 1st overtime period - Shot by Mike Green.
4:11 of 1st overtime period - Stopped by Robin Lehner without a rebound.
4:12 of 1st overtime period - Alexander Ovechkin wins face-off versus Patrick Sharp in Senators zone.
4:15 of 1st overtime period - Shot by Ryan McDonagh.
4:15 of 1st overtime period - Stopped by Robin Lehner with a rebound.
4:33 of 1st overtime period - Shot by Taylor Hall.
4:33 of 1st overtime period - Shot Blocked by Ron Hainsey.
4:35 of 1st overtime period - Shot by Ryan McDonagh.
4:35 of 1st overtime period - Goal by Ryan McDonagh - Senators : 3 - Capitals : 4.
Goals for this period are 0 for Senators vs 1 for Capitals.
Shots for this period are 2 for Senators vs 6 for Capitals.


Output by the SimonT Hockey Simulator (STHS) for Stephane Roy -- Original Page W3C XHTML 1.0 Valid
Hockey Simulator - Hockey Simulation - Hockey Manager